 Dungeon Sprint DCSS version 0.29-a0-819-g94b489e0ae (webtiles) character file.

Game seed: 14868987211419026685

261 Ayihk420 the Slasher (level 6, -4/55 HPs)
             Began as a Human Cinder Acolyte on July 6, 2022.
             Was a Priest of Ignis.
             Slain by a slime creature (15 damage)
             ... in the Dungeon (Sprint I: "Red Sonja").
             The game lasted 00:01:40 (767 turns).

Ayihk420 the Slasher (Human Cinder Acolyte)          Turns: 767, Time: 00:01:41

Health: -4/55      AC:  9    Str: 15    XL:     6   Next: 41%
Magic:  7/7        EV: 12    Int: 16    God:    Ignis [***...]
Gold:   162        SH:  0    Dex:  8    Spells: 7/7 levels left

rFire   + . .      SeeInvis .   a - -1 falchion (flame)
rCold   . . .      Faith    .   (no shield)
rNeg    . . .      Spirit   .   b - +0 robe
rPois   .          Reflect  .   (no helmet)
rElec   .          Harm     .   (no cloak)
rCorr   .          Rampage  .   (no gloves)
Will    .....      NoTele   +   (no boots)
Stlth   +.........              (no amulet)
HPRegen 0.18/turn               (no ring)
MPRegen 0.10/turn               (no ring)

@: fiery-armoured
A: no striking features
a: Renounce Religion, Fiery Armour, Foxfire Swarm, Rising Flame


You were in the Dungeon.
You worshipped Ignis.
Ignis was most pleased with you.
You visited 1 branch You collected 162 gold pieces.

Inventory:

Hand Weapons
 a - a -1 falchion of flaming (weapon)
Armour
 b - a +0 robe (worn)
Wands
 i - a wand of paralysis (5)
Scrolls
 h - a scroll of blinking
Potions
 c - a potion of curing
 d - a potion of heal wounds
 e - a potion of haste
 f - 2 potions of magic
 g - a potion of berserk rage


   Skills:
 + Level 7.5 Fighting
 + Level 7.8 Long Blades
 + Level 2.1 Dodging
 + Level 1.2 Stealth
 + Level 1.3 Spellcasting
 + Level 7.3 Fire Magic


You had 7 spell levels left.
You didn't know any spells.
Your spell library contained the following spells:

 Spells                   Type           Power      Damage    Failure   Level
 Scorch                   Fire           48%        2d7       1%          2


Dungeon Overview and Level Annotations

Branches:
Dungeon (1/1)

Altars:
Makhleb
Xom
Jiyva
Lugonu


Message History

The slime creature is lightly wounded.
There is an open door here.
You slash the slime creature! You burn the slime creature.
The slime creature is moderately wounded.
The slime creature hits you!
The slime creature is burned by your cloak of flames.
The slime creature is moderately wounded.
You hit the slime creature but do no damage.
The slime creature is moderately wounded.
You hit the slime creature but do no damage.
The slime creature is moderately wounded.
The slime creature misses you.
You hit the slime creature. You burn the slime creature.
The slime creature is moderately wounded.
The slime creature hits you.
The slime creature is burned by your cloak of flames.
The slime creature is heavily wounded.
You hit the slime creature. You burn the slime creature.
The slime creature is severely wounded.
The slime creature hits you!
The slime creature is burned by your cloak of flames.
The slime creature is severely wounded.
You barely miss the slime creature.
The slime creature is severely wounded.
The slime creature hits you!
The slime creature is burned by your cloak of flames.
The slime creature is severely wounded.
You hit the slime creature. You burn the slime creature.
The slime creature is almost dead.
The slime creature completely misses you.
You hit the slime creature but do no damage.
The slime creature is almost dead.
The slime creature hits you!
* * * LOW HITPOINT WARNING * * *
The slime creature is burned by your cloak of flames.
The slime creature is almost dead.
You hit the slime creature but do no damage.
The slime creature is almost dead.
The slime creature hits you!
You die...

###################
#<.#..)..#..'..#__#
#.)'..#..').#..@J.+
#..#####'#####+#__#
#..# #..# ### #..#
#### #..# #⌠⌠# ####


You could see a slime creature.

Vanquished Creatures
  Sigmund (D)
  An ogre (D)
  Ijyb (D)
3 creatures vanquished.

Vanquished Creatures (others)
  15 foxfires (D)
15 creatures vanquished.

Grand Total: 18 creatures vanquished

Notes
Turn   | Place    | Note
-------+----------+-------------------------------------------
     0 | D        | Ayihk420 the Human Cinder Acolyte began the quest for the
                  | Orb.
     0 | D        | Reached XP level 1. HP: 18/18 MP: 2/2
     2 | D        | Noticed Ijyb
    11 | D        | Paralysed by Ijyb for 4 turns
    15 | D        | Killed Ijyb
    16 | D        | Reached XP level 2. HP: 2/26 MP: 3/3
    16 | D        | Reached XP level 3. HP: 3/31 MP: 4/4
   493 | D        | Noticed an ogre
   497 | D        | Killed an ogre
   498 | D        | Reached skill level 5 in Fighting
   498 | D        | Reached skill level 1 in Dodging
   498 | D        | Reached skill level 5 in Fire Magic
   498 | D        | Reached XP level 4. HP: 26/40 MP: 5/5
   498 | D        | Reached XP level 5. HP: 30/46 MP: 6/6
   735 | D        | Noticed Sigmund
   743 | D        | Killed Sigmund
   744 | D        | Reached skill level 1 in Stealth
   744 | D        | Reached XP level 6. HP: 50/55 MP: 7/7
   757 | D        | Found a burning altar of Makhleb.
   757 | D        | Found a viscous altar of Jiyva.
   757 | D        | Found a shimmering altar of Xom.
   757 | D        | Found a corrupted altar of Lugonu.
   757 | D        | Noticed a slime creature
   767 | D        | Slain by a slime creature

Illustrated notes

Levels and vault maps discovered:
D:        dungeon_sprint_1 [red_sonja_temple_1, red_sonja_temple_small_1]

Skill      XL: |  1  2  3  4  5 |
---------------+----------------+-----
Fighting       | 4 5 7 |  7.5
Long Blades    | 4 6 7 |  7.8
Fire Magic     | 4 5 7 |  7.3
Dodging        | 1 2 |  2.1
Stealth        | 1 |  1.2
Spellcasting   | |  1.3

Action                   |  1- 3 |  4- 6 || total
-------------------------+-------+-------++-------
Melee: Falchion          |     7 |    16 ||    23
Invok: Foxfire Swarm     |     2 |       ||     2
       Fiery Armour      |     1 |     1 ||     2
Armor: Robe              |     1 |     3 ||     4
Dodge: Dodged            |     1 |     4 ||     5

Table legend: (Time is in decaauts)
 A = Elapsed time spent in this place.
 B = Non-inter-level travel time spent in this place.
 C = Inter-level travel time spent in this place.
 D = Time resting spent in this place.
 E = Time spent auto-exploring this place.
 F = Levels seen in this place.
 G = Mean time per level.
                   A        B        C        D        E       F      G
               +--------+--------+--------+--------+--------+-----+--------+
         Total |    767 |    767 |      0 |    694 |      0 |   1 |  767.0 |
       Dungeon |    767 |    767 |      0 |    694 |      0 |   1 |  767.0 |
               +--------+--------+--------+--------+--------+-----+--------+

Top non-repeatable levels by time:
       D: 767 daAuts
